AoeStats
← El Fantasma de Pancho Villa

Lombardia

509577287Analyzed
4v4 RM · 4d ago on Sep 27, 2026· 56m 20s· 8 players
Game mode
Random Map
Map size
Large (8 player)
Population
200
Speed
Normal
Resources
Standard
Victory
Conquest
Starting age
Dark Age
Ending age
Imperial Age
RankedLock teamsTeams togetherTeam positionsShared explorationLock speedFull tech treeHidden civsTurbo modeCheats
Victory
Defeat
🇨🇾 Byzantines · Cyprus
1131
+15
🇺🇸 Franks · United States
1125
+15
🇭🇰 Shu · Hong Kong SAR China
1100
+16
🇧🇾 Lithuanians · Belarus
1098
+16
🇪🇸 Spanish · Spain
1199
-20
🇪🇸 Italians · Spain
1149
-17
🇲🇰 Romans · North Macedonia
1045
-13
🇬🇧 Bulgarians · United Kingdom
1023
-12
JonnyD
4:23 Loom
11:30 Feudal Age
12:45 Double-Bit Axe
14:10 Scale Barding Armor
15:23 Forging
21:24 Castle Age
19:55 Horse Collar
21:01 Gold Mining
21:06 Stone Mining
23:26 Wheelbarrow
24:26 Chain Barding Armor
29:44 Fletching
30:44 Iron Casting
34:53 Imperial Age
32:23 Bodkin Arrow
33:57 Light Cavalry
36:48 Hussar
38:40 Bow Saw
38:47 Hand Cart
40:16 Husbandry
41:51 Plate Barding Armor
41:48 Conscription
43:09 Caravan
43:41 Pikeman
44:22 Squires
45:03 Scale Mail Armor
45:05 Bracer
45:40 Arson
45:21 Halberdier
45:47 Halberdier
47:00 Cavalier
49:03 Chain Mail Armor
48:49 Padded Archer Armor
52:39 Heavy Plow
Wospenzukh
2:36 Loom
11:45 Feudal Age
15:54 Castle Age
14:06 Double-Bit Axe
14:45 Horse Collar
20:48 Wheelbarrow
20:37 Bow Saw
23:11 Fervor
24:28 Town Watch
25:56 Fletching
26:53 Bodkin Arrow
27:49 Elite Skirmisher
32:38 Hand Cart
33:43 Gold Mining
33:43 Stone Mining
37:08 Husbandry
40:23 Imperial Age
43:08 Bloodlines
43:22 Conscription
44:44 Scale Mail Armor
44:54 Forging
44:50 Scale Barding Armor
44:59 Forging
45:25 Heavy Plow
47:59 Iron Casting
47:45 Chain Barding Armor
46:51 Light Cavalry
47:32 Winged Hussar
50:29 Crop Rotation
49:22 Elite Leitis
El Fantasma de Pancho Villa
14:12 Feudal Age
18:07 Castle Age
15:59 Double-Bit Axe
17:53 Wheelbarrow
17:34 Gold Mining
27:31 Hand Cart
27:48 Bow Saw
31:17 Imperial Age
28:34 Town Watch
29:11 Fletching
29:27 Scale Barding Armor
29:32 Forging
29:21 Stone Mining
30:07 Gold Shaft Mining
30:19 Husbandry
29:40 Light Cavalry
30:19 Bodkin Arrow
30:55 Ordonnance Companies
32:01 Chain Barding Armor
31:51 Forging
32:52 Caravan
34:02 Conscription
34:26 Chivalry
33:50 Elite Throwing Axeman
33:53 Cavalier
35:10 Town Patrol
36:08 Iron Casting
36:09 Plate Barding Armor
35:36 Paladin
46:06 Blast Furnace
56:40 Scale Mail Armor
kahohohoka
2:05 Loom
12:42 Feudal Age
13:18 Double-Bit Axe
13:16 Horse Collar
15:09 Stone Mining
16:10 Gold Mining
18:57 Castle Age
21:15 Bow Saw
22:08 Gold Shaft Mining
24:07 Wheelbarrow
23:54 Heavy Plow
27:44 Husbandry
28:17 Hand Cart
30:53 Scale Barding Armor
32:20 Town Watch
37:09 Imperial Age
35:29 Chain Barding Armor
35:12 Scale Mail Armor
35:22 Forging
35:03 Arson
36:43 Squires
37:30 Coiled Serpent Array
39:33 Plate Barding Armor
39:13 Chain Mail Armor
38:49 Fletching
39:23 Conscription
39:24 Siege Engineers
39:42 Pikeman
41:31 Chemistry
40:52 Ballistics
41:19 Bolt Magazine
42:55 Halberdier
44:07 Plate Mail Armor
43:33 Bodkin Arrow
47:01 Hoardings
46:45 Masonry
47:03 Elite White Feather Guard
49:54 Two-Man Saw
55:22 Architecture
54:32 Treadmill Crane
54:48 Murder Holes
El Cid Cantaor
5:47 Loom
11:29 Feudal Age
17:03 Castle Age
15:00 Double-Bit Axe
14:58 Horse Collar
15:34 Padded Archer Armor
18:19 Husbandry
19:01 Leather Archer Armor
21:27 Bloodlines
23:14 Wheelbarrow
23:22 Bow Saw
29:07 Heavy Plow
34:03 Imperial Age
32:22 Scale Barding Armor
32:46 Hand Cart
33:20 Chain Barding Armor
32:50 Town Watch
33:19 Gold Mining
34:00 Forging
35:14 Conscription
35:36 Plate Barding Armor
35:38 Iron Casting
34:45 Cavalier
36:46 Ballistics
36:19 Fletching
37:32 Blast Furnace
37:11 Bodkin Arrow
37:12 Elite Skirmisher
38:10 Bracer
40:15 Chemistry
40:46 Ring Archer Armor
42:09 Paladin
43:33 Supremacy
43:34 Scale Mail Armor
43:13 Pikeman
43:54 Squires
44:52 Halberdier
46:33 Chain Mail Armor
47:46 Plate Mail Armor
mcasado10
11:19 Feudal Age
15:16 Padded Archer Armor
17:35 Castle Age
16:02 Fletching
17:03 Gold Mining
16:58 Double-Bit Axe
24:57 Horse Collar
26:29 Bodkin Arrow
27:12 Bow Saw
27:28 Crossbowman
28:27 Leather Archer Armor
29:13 Wheelbarrow
28:24 Loom
33:26 Imperial Age
31:12 Hand Cart
32:11 Silk Road
33:14 Thumb Ring
34:04 Heavy Plow
34:55 Ballistics
35:21 Elite Skirmisher
38:51 Chemistry
37:41 Arbalester
39:23 Conscription
40:34 Bracer
41:05 Ring Archer Armor
41:09 Elite Genoese Crossbowman
43:46 Pirotechnia
HighTowerM8
0:31 Loom
10:03 Feudal Age
11:44 Double-Bit Axe
11:47 Horse Collar
19:35 Castle Age
22:01 Wheelbarrow
23:58 Heavy Plow
24:50 Bow Saw
30:57 Hand Cart
31:13 Gold Mining
31:20 Stone Mining
35:44 Imperial Age
35:16 Gold Shaft Mining
35:20 Stone Shaft Mining
35:12 Bloodlines
35:02 Husbandry
35:10 Husbandry
36:02 Masonry
35:48 Murder Holes
38:10 Forging
38:00 Scale Mail Armor
38:06 Scale Barding Armor
37:52 Fletching
38:02 Stirrups
38:28 Conscription
39:54 Iron Casting
39:34 Chain Mail Armor
40:31 Chain Barding Armor
40:07 Bodkin Arrow
40:47 Architecture
40:22 Siege Engineers
40:41 Ballistics
42:10 Blast Furnace
41:41 Plate Mail Armor
42:37 Bracer
43:13 Plate Barding Armor
43:06 Gambesons
43:14 Pikeman
43:54 Squires
43:40 Arson
43:50 Halberdier
46:43 Elite Konnik
51:08 Bagains
53:31 Chemistry
syntax error
10:29 Loom
12:14 Feudal Age
16:50 Castle Age
15:09 Double-Bit Axe
16:19 Gold Mining
16:13 Horse Collar
17:40 Heavy Plow
25:15 Bow Saw
26:41 Gold Shaft Mining
27:59 Stone Mining
31:32 Imperial Age
29:18 Pikeman
33:23 Wheelbarrow
33:13 Forging
33:04 Scale Mail Armor
32:50 Halberdier
33:19 Capped Ram
35:05 Siege Ram
37:22 Squires
42:08 Iron Casting
41:48 Chain Mail Armor
44:52 Blast Furnace
43:58 Scale Barding Armor
44:45 Hand Cart
46:01 Chain Barding Armor
50:27 Chain Barding Armor
Connection lost

Rejoining the realm…

Still unreachable

The connection could not be restored.

Session expired

The server has moved on; the page needs a fresh start.